 Dungeon Sprint DCSS version 0.20.1-1-g8b1a95d (webtiles) character file.

2255 potatolord6000 the Covert (level 9, -10/90 HPs)
             Began as a Deep Dwarf Fighter on Aug 25, 2017.
             Was an Initiate of Qazlal.
             Mangled by a tentacle (18 damage)
             ... attached to a kraken
             ... in the Dungeon (Sprint II: "The Violet Keep of Menkaure").
             The game lasted 00:05:36 (441 turns).

potatolord6000 the Covert (Deep Dwarf Fighter)       Turns: 441, Time: 00:05:37

Health: -10/90     AC: 17    Str: 25    XL:     9   Next: 15%
Magic:  15/15      EV:  7    Int:  9    God:    Qazlal [......]
Gold:   583        SH: 12    Dex: 12    Spells: 22/22 levels left

rFire    . . .     SeeInvis .   a - +0 war axe
rCold    . . .     Gourm    .   c - +0 shield
rNeg     + . .     Faith    .   d - +1 chain mail of Ceh Beth {rElec rN+ Str+2} (curse)
rPois    .         Spirit   .   m - +0 helmet
rElec    +         Reflect  .   l - +0 cloak
rCorr    .         Harm     .   h - +1 pair of gloves
MR       +....     NoTele   +   (no boots)
Stlth    ++........             (no amulet)
Regen    0.0/turn               (no ring)
MPRegen  0.2/turn               (no ring)

@: non-regenerating
A: damage resistance, heal wounds, sense surroundings 2, no regeneration
a: Heal Wounds, Renounce Religion


You were in the Dungeon.
You worshipped Qazlal.
Qazlal was noncommittal.
You were not hungry.

You visited 1 branch You collected 1055 gold pieces.
You spent 472 gold pieces at shops.

Inventory:

Hand Weapons
 a - a +0 war axe (weapon)
Armour
 c - a +0 shield (worn)
 d - the cursed +1 chain mail of Ceh Beth (worn) {rElec rN+ Str+2}
   (You bought it in a shop in the Dungeon)

   It affects your strength (+2).
   It insulates you from electricity.
   It protects you from negative energy.
   It has a curse placed upon it.
 h - a +1 pair of gloves (worn)
 l - a +0 cloak (worn)
 m - a +0 helmet (worn)
Scrolls
 k - a scroll of blinking
Potions
 e - a potion of curing
 i - 2 potions of magic
 j - a potion of berserk rage
Comestibles
 f - a bread ration


   Skills:
 + Level 8.4 Fighting
 + Level 9.7 Axes
 + Level 10.0 Armour
 + Level 10.9 Stealth
 + Level 9.9 Shields
 + Level 7.1 Spellcasting


You had 22 spell levels left.
You didn't know any spells.

Dungeon Overview and Level Annotations

Branches:
Dungeon (1/1)

Altars:
Cheibriados
Dithmenos
Elyvilon
Fedhas
Gozag
Hepliaklqana
Kikubaaqudgha
Makhleb
Nemelex Xobeh
Okawaru
Qazlal
Ru
Sif Muna
Trog
Uskayaw
Vehumet
Xom
Yredelemnul
Zin
The Shining One
Beogh
Jiyva
Lugonu

Shops:
D [(:}=![=!(%?=*[:

Annotations:
D exclusions: ice statue and oklob plant


Innate Abilities, Weirdness & Mutations

You are resistant to damage.
You can heal yourself by infusing magical energy.
You passively map the area around you.
You do not regenerate.


Message History

Found the Orb of Zot.
You see here a pair of gloves.
The tentacle slaps you.
You see here a bread ration.
You see here a dagger.
You see here a bread ration.
The tentacle slaps you!
* * * LOW HITPOINT WARNING * * *
You see here a pair of gloves.
You closely miss the tentacle.
The tentacle slaps you but does no damage.
The tentacle slaps you!!
* * * LOW HITPOINT WARNING * * *
You hit the tentacle but do no damage.
The tentacle slaps you but does no damage.
You block the tentacle's attack.
You hit the tentacle.
The tentacle is lightly wounded.
The tentacle slaps you!!
You die...

* ** + ▓▓▓ , * , ** * , ,
▓0.. , , * + , , ▓▓▓▓▓▓▓▓▓▓
, * ,▓≈≈§≈≈§≈≈▓▓ , * , *
,▓▓▓▓▓▓▓▓▓▓▓* + ,
,,▓($(%$)($▓▓ , *, * ,
▓$??%!()[▓▓ +.###
[▓(%(!$(%=▓▓ , ,+ ≈
...#*##▓!$)!?[@!▓▓ , **#..#
.#▓$?%!??w?▓▓ ,, +≈ +..#
.#▓=)!))?│?▓▓ * #..#
.#▓)[("?)!>▓▓ , ≈,
###..##.#▓$(%!$(│!▓▓ * ,*≈
* .###...##▓▓▓▓▓▓▓│▓▓▓▓+▓
,* *
...≈≈†)≈≈≈≈≈≈≈≈≈.\.Xw≈▓,,
,* ...≈#(########+###V≈≈≈▓
, ,
≈..≈#_._._...#t§≈##≈≈≈▓,,,,


You could see a kraken and a tentacle.

Vanquished Creatures
  A merfolk siren (D)
  A yaktaur (D)
  A hornet (D)
  2 polar bears (D)
  2 hippogriffs (D)
  Menkaure (D)
  4 necrophages (D)
  A crocodile (D)
  A scorpion (D)
  4 worker ants (D)
  A tentacle (D)
19 creatures vanquished.

Vanquished Creatures (others)
  A polar bear (D)
  A crocodile (D)
  2 tentacles (D)
4 creatures vanquished.

Grand Total: 23 creatures vanquished

Notes
Turn   | Place    | Note
-------+----------+-------------------------------------------
     0 | D        | potatolord6000 the Deep Dwarf Fighter began the quest for the Orb.
     0 | D        | Reached XP level 1. HP: 20/20 MP: 1/1
     1 | D        | Noticed a hippogriff
     1 | D        | Noticed a hippogriff
     7 | D        | Killed a hippogriff
     7 | D        | Reached skill level 5 in Axes
     7 | D        | Reached skill level 5 in Armour
     7 | D        | Reached skill level 5 in Stealth
     7 | D        | Reached skill level 5 in Shields
     7 | D        | Reached XP level 2. HP: 31/31 MP: 1/6
     7 | D        | Reached XP level 3. HP: 38/38 MP: 1/8
     7 | D        | Reached XP level 4. HP: 45/45 MP: 1/9
     7 | D        | Reached XP level 5. HP: 51/51 MP: 1/10
    11 | D        | Killed a hippogriff
    11 | D        | Reached skill level 5 in Fighting
    11 | D        | Reached XP level 6. HP: 53/62 MP: 1/12
    40 | D        | Reached skill level 5 in Spellcasting
    40 | D        | Reached XP level 7. HP: 51/70 MP: 4/14
    48 | D        | Noticed Menkaure
    49 | D        | Killed Menkaure
    83 | D        | Noticed a merfolk siren
    96 | D        | Killed a merfolk siren
    96 | D        | Reached XP level 8. HP: 80/80 MP: 11/17
   131 | D        | Found Qaorino's Assorted Antiques.
   131 | D        | Found Orreroin's Antique Armour Shoppe.
   131 | D        | Found Desatrast's Magic Scroll Emporium.
   131 | D        | Found Hiryotuf's Jewellery Emporium.
   131 | D        | Found Suskiphe's Antique Weapon Shoppe.
   131 | D        | Found Cacsit's Food Shoppe.
   132 | D        | Found Yrebrera's Distillery.
   132 | D        | Found Mutodgh's Jewellery Emporium.
   133 | D        | Found Fuozoufu's Armour Shoppe.
   133 | D        | Found Luoph's Distillery.
   133 | D        | Noticed a slime creature
   135 | D        | Found Wemenk's Book Emporium.
   136 | D        | Found Heusmoug's Jewellery Shoppe.
   136 | D        | Found Tyge's Gadget Emporium.
   136 | D        | Noticed a slime creature
   136 | D        | Noticed a slime creature
   136 | D        | Noticed an oklob plant
   137 | D        | Found Upnimab's Weapon Shoppe.
   137 | D        | Found Deihiop's Antique Armour Emporium.
   137 | D        | Found Gonezop's Book Shoppe.
   146 | D        | Noticed a spiny frog
   149 | D        | Noticed a spiny frog
   187 | D        | Bought an encrusted chain mail for 209 gold pieces
   187 | D        | Bought a pair of embroidered gloves for 165 gold pieces
   193 | D        | Bought a +0 cloak for 49 gold pieces
   193 | D        | Bought a +0 helmet for 49 gold pieces
   251 | D        | Identified the cursed +1 chain mail of Ceh Beth {rElec rN+ Str+2} (You bought it in a shop in the Dungeon)
   293 | D        | Noticed an obsidian statue
   305 | D        | Found an iron altar of Okawaru.
   305 | D        | Found an opulent altar of Gozag.
   306 | D        | Found a sparkling altar of Nemelex Xobeh.
   306 | D        | Found a blossoming altar of Fedhas.
   307 | D        | Found a radiant altar of Vehumet.
   307 | D        | Found a burning altar of Makhleb.
   307 | D        | Found a white marble altar of Elyvilon.
   308 | D        | Found a hide-covered altar of Uskayaw.
   308 | D        | Found a corrupted altar of Lugonu.
   308 | D        | Found a shadowy altar of Dithmenos.
   309 | D        | Found a glowing silver altar of Zin.
   309 | D        | Found a bloodstained altar of Trog.
   309 | D        | Found an ancient bone altar of Kikubaaqudgha.
   309 | D        | Found a snail-covered altar of Cheibriados.
   310 | D        | Found a basalt altar of Yredelemnul.
   310 | D        | Found a deep blue altar of Sif Muna.
   310 | D        | Found a viscous altar of Jiyva.
   310 | D        | Found a roughly hewn altar of Beogh.
   313 | D        | Found a shimmering altar of Xom.
   313 | D        | Found a sacrificial altar of Ru.
   314 | D        | Found a glowing golden altar of the Shining One.
   314 | D        | Found a stormy altar of Qazlal.
   314 | D        | Noticed a polar bear
   315 | D        | Noticed a polar bear
   315 | D        | Noticed a polar bear
   316 | D        | Found a hazy altar of Hepliaklqana.
   318 | D        | Noticed a yaktaur
   319 | D        | Noticed a hornet
   329 | D        | Killed a polar bear
   329 | D        | Reached skill level 10 in Stealth
   329 | D        | Killed a polar bear
   335 | D        | Paralysed by a hornet for 2 turns
   336 | D        | HP: 2/81 [polar bear (9)]
   340 | D        | Killed a polar bear
   340 | D        | Paralysed by a hornet for 2 turns
   348 | D        | Killed a hornet
   348 | D        | Gained mutation: You passively map the area around you. [Deep Dwarf growth]
   348 | D        | Reached XP level 9. HP: 27/88 MP: 17/17
   353 | D        | Killed a yaktaur
   353 | D        | Reached skill level 10 in Armour
   367 | D        | Became a worshipper of Qazlal Stormbringer
   374 | D        | Noticed an ice statue
   413 | D        | Noticed a kraken
   441 | D        | Mangled by a tentacle

Skill      XL: |  1  2  3  4  5  6  7  8  9 |
---------------+----------------------------+-----
Fighting       | 4 5 6 7 8 |  8.4
Axes           | 5 6 7 8 9 |  9.7
Armour         | 5 7 8 9 10 | 10.0
Stealth        | 5 7 8 9 10 | 10.9
Shields        | 5 6 7 8 9 |  9.9
Spellcasting   | 3 4 5 6 7 |  7.1

Action                   |  1- 3 |  4- 6 |  7- 9 || total
-------------------------+-------+-------+-------++-------
Melee: War axe           |     4 |    19 |    69 ||    92
 Abil: Heal Wounds       |       |       |    12 ||    12
  Use: Potion            |     2 |       |     1 ||     3
Armor: Scale mail        |     5 |     6 |     2 ||    13
       Chain mail        |       |       |    96 ||    96
Dodge: Dodged            |     1 |     3 |    34 ||    38
Block: Shield            |     4 |     9 |    83 ||    96
